 Seeded DCSS version 0.30-a0-920-g7493c07aab (webtiles) character file.

Game seed: 3125986916090331667 (custom seed)

119 Parcival the Covered (level 4, -15/40 HPs)
             Began as a Minotaur Fighter on Mar 21, 2023.
             Killed by an exploding orc (30 damage)
             ... ignited by their inner flame
             ... on level 3 of the Dungeon.
             The game lasted 00:03:08 (1556 turns).

Parcival the Covered (Minotaur Fighter)             Turns: 1556, Time: 00:03:09

Health: -15/40     AC: 10    Str: 26    XL:     4   Next: 73%
Magic:  3/3        EV:  9    Int:  5    God:
Gold:   109        SH:  4    Dex:  9    Spells: 3/3 levels left

rFire   . . .      SeeInvis .    a - +0 war axe (vamp)
rCold   . . .      Faith    .    c - +0 buckler
rNeg    . . .      Spirit   .    b - +0 scale mail
rPois   .          Reflect  .    p - +2 hood of the Assassin {Detect Stab+ Stlth++}
rElec   .          Rampage  .    (no cloak)
rCorr   .                        e - +0 pair of gloves of Uwoumi {Str+3 Slay+3}
Will    .....                    (no boots)
Stlth   ++                       (no amulet)
HPRegen 0.26/turn                (no ring)
MPRegen 0.08/turn                (no ring)

@: no status effects
A: horns 2, retaliatory headbutt
a: no special abilities


You were on level 3 of the Dungeon.
You visited 1 branch of the dungeon, and saw 3 of its levels.

You collected 109 gold pieces.

Inventory:

Hand Weapons
 a - a +0 vampiric war axe (weapon)
Armour
 b - a +0 scale mail (worn)
 c - a +0 buckler (worn)
 e - the +0 pair of gloves of Uwoumi (worn) {Str+3 Slay+3}
   (You acquired it on level 1 of the Dungeon)

   Str:       It affects your strength (+3).
   Slay:      It affects your accuracy & damage with ranged weapons and melee
   (+3).
 p - the +2 hood of the Assassin (worn) {Detect Stab+ Stlth++}
   (You acquired it on level 2 of the Dungeon)

   Detect:    It allows the wearer to sense nearby creatures.
   Stab+:     It allows the wearer to make particularly effective stabbing
   attacks against helpless or unaware enemies with any weapon.
   Stlth:     It makes you much more stealthy.
Jewellery
 h - an amulet of magic regeneration
 j - a +6 ring of strength
 q - a ring of wizardry
Wands
 m - a wand of roots (10)
Scrolls
 g - 3 scrolls of teleportation
 l - a scroll of identify
Potions
 d - 2 potions of might
 f - a potion of degeneration {unknown}
 i - 2 potions of heal wounds
 n - a potion of resistance {unknown}
 o - a potion of lignification {unknown}


   Skills:
 + Level 4.1 Fighting
 + Level 4.1 Axes
 + Level 4.8 Armour
 + Level 0.7 Dodging
 + Level 0.1 Stealth
 + Level 4.1 Shields


You had 3 spell levels left.
You didn't know any spells.
Your spell library contained the following spells:

 Spells                   Type           Power      Damage    Failure   Level
 Sandblast                Erth           0%         2d4       83%         1
 Passwall                 Tmut/Erth      0%         N/A       93%         2
 Stone Arrow              Conj/Erth      0%         3d7       99%         3


Dungeon Overview and Level Annotations

Branches:
Dungeon (3/15)

Altars:
Okawaru


Innate Abilities, Weirdness & Mutations

You have a pair of horns on your head.
You reflexively headbutt those who attack you in melee.


Message History

You see here a ball python corpse.
q - a ring of wizardry You see here a rat corpse.
You now have 109 gold pieces (gained 16).
r - a scroll labelled LUW NIEGEM You see here a rat corpse.
You see here a ball python corpse.
An orc comes into view. It is wielding a +0 falchion.
Found a scroll labelled FOXUATUCIPI.
An orc is nearby!
An orc is nearby!
An orc is nearby!
The orc shouts!
You hear a shout!
A ball python comes into view.
A goblin comes into view. It is wielding a +0 dagger.
As you read the scroll labelled FUDEOQ PYUHOB, it crumbles to dust.
You feel strangely unstable.
It was a scroll of teleportation.
As you read the scroll labelled MUUZEL YSADD, it crumbles to dust.
It is a scroll of amnesia.
You feel forgetful for a moment.
As you read the scroll labelled LUW NIEGEM, it crumbles to dust.
The creatures around you are filled with an inner flame!
It was a scroll of immolation.
The orc hits you but does no damage.
Your surroundings suddenly seem different.
A goblin is nearby!
A goblin is nearby!
A goblin is nearby!
You block the goblin's attack.
You slash the goblin!
The goblin explodes!
The fiery explosion engulfs you!!
Ouch! That really hurt!
* * * LOW HITPOINT WARNING * * *
You see here a +0 dagger.
You closely miss the orc. The orc hits you with a +0 falchion.
You slash the orc!
You feel better.
The orc explodes!
The fiery explosion engulfs you!!
Ouch! That really hurt!
You die...

.# .# # ..
##.#.# ...
...#.##
.#.#####.......
......§.§......
......§§.......
......§@§......
...............
......§.#####..
..≈.8.○)#
..≈?..§.#
..≈≈.≈≈.# #...#
..≈≈.≈≈.# #...+
..≈≈.≈≈.# #...#
..≈≈_≈≈.#
#...#.....#


There were no monsters in sight!

Vanquished Creatures
  Natasha (twice) (D:2)
  A gnoll (D:1)
  An adder (D:2)
  A worm (D:2)
  A dart slug (D:2)
  An orc (D:3)
  4 endoplasms
  A giant cockroach (D:2)
  8 goblins
  2 hobgoblins
  2 quokkas (D:2)
  7 ball pythons
  3 bats
  A frilled lizard (D:2)
  8 kobolds
  3 rats
46 creatures vanquished.

Notes
Turn   | Place    | Note
-------+----------+-------------------------------------------
     0 | D:1      | Parcival the Minotaur Fighter began the quest for the Orb.
     0 | D:1      | Reached XP level 1. HP: 19/19 MP: 0/0
    27 | D:1      | Identified a scroll of acquirement
    27 | D:1      | Acquired the +0 pair of gloves of Uwoumi {Str+3 Slay+3}
   142 | D:1      | Reached XP level 2. HP: 27/27 MP: 1/1
   642 | D:1      | Reached XP level 3. HP: 33/33 MP: 2/2
  1093 | D:2      | Noticed Natasha
  1099 | D:2      | Killed Natasha
  1100 | D:2      | Reached XP level 4. HP: 28/40 MP: 3/3
  1382 | D:2      | Noticed Natasha
  1387 | D:2      | Killed Natasha
  1429 | D:2      | Acquired the +2 hood of the Assassin {Detect Stab+ Stlth++}
  1429 | D:2      | Found the +2 hood of the Assassin {Detect Stab+ Stlth++}
  1476 | D:3      | Found an iron altar of Okawaru.
  1556 | D:3      | Killed by an exploding orc... ignited by their inner flame

Illustrated notes

Levels and vault maps discovered:
D:1:      amcnicky_arrival_single_pillar, layout_loops_cross,
          hangedman_glass_garden
D:2:      layout_loops_ring, dk_vineyard_1, uniq_natasha
D:3:      layout_basic, mainiacjoe_overflow_catwalk, serial_forest,
          infiniplex_forest_zigzag_1, infiniplex_forest_split,
          infiniplex_forest_end_double, infiniplex_forest_lined_room_,
          infiniplex_forest_corner_1, infiniplex_forest_lined_room_2,
          serial_shops, nicolae_shop_hallway_stairs

Skill      XL: |  1  2  3  4 |
---------------+-------------+-----
Armour         | 4 |  4.8
Axes           | 3 4 |  4.1
Fighting       | 4 |  4.1
Shields        | 4 |  4.1
Dodging        | |  0.7
Stealth        | |  0.1

Action                     |  1- 3 |  4- 6 || total
---------------------------+-------+-------++-------
  Melee: War axe           |    62 |    16 ||    78
         Headbutt          |     8 |     5 ||    13
    Use: Scroll            |     3 |     4 ||     7
   Stab: Sleeping          |       |     1 ||     1
 Armour: Scale mail        |    24 |     8 ||    32
  Dodge: Dodged            |    35 |     4 ||    39
  Block: Buckler           |    17 |     4 ||    21

Table legend: (Time is in decaauts)
 A = Elapsed time spent in this place.
 B = Non-inter-level travel time spent in this place.
 C = Inter-level travel time spent in this place.
 D = Time resting spent in this place.
 E = Time spent auto-exploring this place.
 F = Levels seen in this place.
 G = Mean time per level.
                   A        B        C        D        E       F      G
               +--------+--------+--------+--------+--------+-----+--------+
         Total |   1586 |   1567 |     19 |      0 |   1145 |   3 |  528.7 |
       Dungeon |   1586 |   1567 |     19 |      0 |   1145 |   3 |  528.7 |
               +--------+--------+--------+--------+--------+-----+--------+

Top non-repeatable levels by time:
     D:2: 762 daAuts
     D:1: 718 daAuts
     D:3: 105 daAuts
